 Dungeon Crawl Stone Soup version 0.28.0 (webtiles) character file.

Game seed: 13130319073857684307

139 Ajdolov the Slasher (level 5, -3/41 HPs)
             Began as a Formicid Abyssal Knight on Feb 13, 2022.
             Was a Believer of Lugonu.
             Splashed by a jelly's acid (5 damage)
             ... on level 4 of the Dungeon.
             The game lasted 00:03:37 (4138 turns).

Ajdolov the Slasher (Formicid Abyssal Knight)       Turns: 4138, Time: 00:03:37

Health: -3/41      AC:  0    Str: 19    XL:     5   Next: 46%
Magic:  6/6        EV: 11    Int: 16    God:    Lugonu [**....]
Gold:   120        SH:  0    Dex: 11    Spells: 4/4 levels left

rFire   . . .      SeeInvis +   a - +1 falchion
rCold   . . .      Faith    .   (no shield)
rNeg    . . .      Spirit   .   b - +0 leather armour
rPois   .          Reflect  .   (helmet unavailable)
rElec   .          Harm     .   (no cloak)
rCorr   .          Rampage  .   (no gloves)
Will    .....                   (no boots)
Stlth   +.........              (no amulet)
HPRegen 0.13/turn               c - +6 ring of intelligence
MPRegen 0.10/turn               (no ring)

@: corroded
A: permanent stasis, dig shafts and tunnels, antennae 3, four strong arms
a: Dig, Shaft Self, Renounce Religion, Depart the Abyss, Bend Space


You were on level 4 of the Dungeon.
You worshipped Lugonu.
Lugonu was pleased with you.
You visited 1 branch of the dungeon, and saw 4 of its levels.
You visited the Abyss 1 time.

You collected 120 gold pieces.

Inventory:

Hand Weapons
 a - a +1 falchion (weapon)
Armour
 b - a +0 leather armour (worn)
Jewellery
 c - a +6 ring of intelligence (left hand)
 e - a ring of resist corrosion
Wands
 t - a wand of digging (7)
Scrolls
 d - a scroll of holy word {unknown}
 f - a scroll of identify {unknown}
 j - 2 scrolls of immolation {unknown}
 n - a scroll of torment {unknown}
 o - a scroll of fear {unknown}
Potions
 g - 2 potions of ambrosia {unknown}
 h - a potion of cancellation {unknown}
 i - 2 potions of might {unknown}
 k - a potion of curing {unknown}
 l - a potion of invisibility {unknown}
 m - a potion of flight {unknown}
 p - a potion of heal wounds {unknown}
 q - a potion of attraction {unknown}
 r - a potion of degeneration {unknown}
 s - a potion of magic {unknown}


   Skills:
 - Level 3.2 Fighting
 * Level 5.2 Long Blades
 - Level 2.1 Armour
 - Level 0.8 Dodging
 - Level 2.1 Invocations


You had 4 spell levels left.
You didn't know any spells.
Your spell library contained the following spells:

 Spells                   Type           Power      Damage    Failure   Level
 Stone Arrow              Conj/Erth      0%         3d7       65%         3
 Animate Armour           Summ/Erth      0%         N/A       96%         4
 Petrify                  Tmut/Erth      0%         N/A       96%         4
 Metabolic Englaciation   Hex/Ice        0%         N/A       100%        5
 Statue Form              Tmut/Erth      0%         N/A       100%        6
 Lehudib's Crystal Spear  Conj/Erth      0%         10d2      100%        8


Dungeon Overview and Level Annotations

Branches:
Dungeon (4/15)
 Temple: D:4-7

Altars:
Elyvilon
Kikubaaqudgha
Makhleb

Annotations:
D:3 2 transporters, Galthrax's ghost, amateur OgHu


Innate Abilities, Weirdness & Mutations

You cannot be hasted, slowed, berserked, paralysed or teleported.
You can dig through walls and to a lower floor.
You have a pair of large antennae on your head. (SInv)
Your four strong arms can wield two-handed weapons with a shield.


Message History

The jackal is severely wounded.
The jackal bites you but does no damage. x2
You hit the jackal.
The jackal is almost dead.
The jackal bites you.
The jackal bites you but does no damage.
The jackal bites you. The jackal barely misses you.
The jackal bites you but does no damage.
The jackal misses you. The jackal bites you. The jackal bites you.
You hit the jackal but do no damage. The jackal barely misses you.
You hit the jackal.
You kill the jackal!
Lugonu accepts your kill. The jackal bites you. The jelly closely misses you.
The jackal bites you but does no damage.
You hit the jackal but do no damage.
The jackal bites you but does no damage.
The jackal bites you.
You slash the jackal!
You kill the jackal!
Lugonu accepts your kill.
You hit the jackal but do no damage.
The jackal is severely wounded.
The jackal completely misses you. The jackal bites you.
You hit the jackal.
You kill the jackal!
Lugonu accepts your kill.
You can now bend space around yourself.
You hit the jelly but do no damage.
Your hands burn!
The jelly hits you.
You are splashed with acid!
You hit the jelly.
Your hands burn!
The jelly is lightly wounded.
The jelly hits you.
* * * LOW HITPOINT WARNING * * *
You are splashed with acid!
* * * LOW HITPOINT WARNING * * *
You slash the jelly! The acid corrodes you!
Your hands burn!
You die...

#.#.....#...>.
#.............
###..#.##.#.##
#..#.##.#.#
#.........# ##
##.#†###..#
....###.#.# .#
#.......###..#
#####...J@...#
#.#####.## #.#
# #.# #.# #.#
## #.##### ..
#.....# #.
#####.# #.


You could see a jelly.

Vanquished Creatures
  An orc wizard (D:4)
  6 adders
  6 orcs
  2 endoplasms
  A giant cockroach (D:3)
  5 goblins
  6 hobgoblins
  4 jackals (D:4)
  5 kobolds
  2 quokkas
  4 ball pythons
  4 bats
  4 frilled lizards (D:2)
  4 rats
54 creatures vanquished.

Vanquished Creatures (others)
  3 withered plants (D:3)
3 creatures vanquished.

Grand Total: 57 creatures vanquished

Notes
Turn   | Place    | Note
-------+----------+-------------------------------------------
     0 | Abyss:1  | Ajdolov the Formicid Abyssal Knight began the quest for the
                  | Orb.
     0 | Abyss:1  | Reached XP level 1. HP: 18/18 MP: 2/2
     0 | Abyss:1  | Found a corrupted altar of Lugonu.
    24 | Abyss:1  | Found a corrupted altar of Lugonu.
   183 | Abyss:1  | Noticed a raiju
   184 | D:1      | Escaped the Abyss
   569 | D:1      | Reached XP level 2. HP: 24/24 MP: 3/3
   573 | D:1      | Reached * piety under Lugonu
   709 | D:1      | Reached skill level 3 in Long Blades
  1071 | D:2      | Reached XP level 3. HP: 27/29 MP: 4/4
  1827 | D:2      | Reached skill level 4 in Long Blades
  1827 | D:2      | Reached XP level 4. HP: 16/35 MP: 5/5
  2627 | D:3      | Found a transporter.
  2628 | D:3      | Found a transporter.
  2628 | D:3      | Noticed Galthrax's ghost (amateur OgHu)
  2789 | D:3      | Found a faded altar of an unknown god.
  3670 | D:3      | Found a white marble altar of Elyvilon.
  3679 | D:3      | Found an ancient bone altar of Kikubaaqudgha.
  3720 | D:4      | Reached XP level 5. HP: 39/41 MP: 6/6
  3764 | D:4      | Reached skill level 5 in Long Blades
  4028 | D:4      | Found a burning altar of Makhleb.
  4135 | D:4      | Reached ** piety under Lugonu
  4137 | D:4      | HP: 2/41 [acid (9)]
  4138 | D:4      | Splashed by a jelly's acid

Illustrated notes

Levels and vault maps discovered:
D:1:      psy_arrival_heroes, layout_rooms, solitary_fountain,
          nicolae_concentric_dashed_squares_wild, serial_bayou_ford_a,
          minmay_octomino_j4
D:2:      layout_loops_corners
D:3:      layout_basic, mainiacjoe_overflow_swirl,
          ebering_ecumenical_altar_petrified, gammafunk_ghost_arena,
          serial_forest, infiniplex_forest_lined_3,
          infiniplex_forest_straight_1, infiniplex_forest_clump_tiny,
          infiniplex_forest_clump_large, infiniplex_forest_clump_small,
          infiniplex_forest_end_2, kennysheep_generic_room_11
D:4:      layout_loops_ring, bloody_makhleb, minmay_temple_entry_nine_rooms

Skill      XL: |  1  2  3  4  5 |
---------------+----------------+-----
Long Blades    | 3 4 5 |  5.2
Fighting       | |  3.2
Armour         | |  2.1
Dodging        | |  0.8
Invocations    | |  2.1

Action                   |  1- 3 |  4- 6 || total
-------------------------+-------+-------++-------
Melee: Falchion          |    93 |    90 ||   183
       Punch             |     2 |       ||     2
Invok: Depart the Abyss  |     1 |       ||     1
 Stab: Sleeping          |       |     1 ||     1
Armor: Leather armour    |    26 |    19 ||    45
Dodge: Dodged            |    61 |    48 ||   109
